 Dungeon Crawl Stone Soup version 0.28.0-45-g0d030f2227 (webtiles) character file.

Game seed: 17550801956452225378

26 Revguard the Grasshopper (level 2, -1/22 HPs)
             Began as a Demonspawn Warper on Apr 20, 2022.
             Slain by a jackal (3 damage)
             ... on level 1 of the Dungeon.
             The game lasted 00:03:12 (1563 turns).

Revguard the Grasshopper (Demonspawn Warper)        Turns: 1563, Time: 00:03:13

Health: -1/22      AC:  3    Str: 11    XL:     2   Next: 89%
Magic:  2/5        EV: 11    Int: 14    God:
Gold:   0          SH:  4    Dex: 12    Spells: 3/5 levels left

rFire   . . .      SeeInvis .   a - +1 falchion
rCold   . . .      Faith    .   (no shield)
rNeg    . . .      Spirit   .   b - +0 leather armour
rPois   .          Reflect  .   (no helmet)
rElec   .          Harm     .   (no cloak)
rCorr   .          Rampage  .   (no gloves)
Will    .....                   (no boots)
Stlth   +.........              (no amulet)
HPRegen 0.07/turn               (no ring)
MPRegen 0.09/turn               (no ring)

@: no status effects
A: condensation shield
a: no special abilities


You were on level 1 of the Dungeon.
You visited 1 branch of the dungeon, and saw 2 of its levels.

Inventory:

Hand Weapons
 a - a +1 falchion (weapon)
Missiles
 d - 3 boomerangs of dispersal (quivered)
Armour
 b - a +0 leather armour (worn)


   Skills:
 + Level 2.1 Fighting
 + Level 1.9 Long Blades
 - Level 0.8 Throwing
 * Level 1.3 Armour
 + Level 2.0 Dodging
 + Level 0.2 Stealth
 * Level 2.3 Spellcasting
 + Level 2.8 Translocations


You had 3 spell levels left.
You knew the following spells:

 Your Spells              Type           Power      Damage    Failure   Level
a - Blink                 Tloc           18%        N/A       14%         2

Your spell library contained the following spells:

 Spells                   Type           Power      Damage    Failure   Level
 Gell's Gravitas          Tloc           9%         N/A       28%         3
 Lesser Beckoning         Tloc           9%         N/A       28%         3
 Teleport Other           Tloc           9%         N/A       28%         3
 Summon Guardian Golem    Hex/Summ       1%         N/A       65%         3
 Manifold Assault         Tloc           9%         N/A       95%         5
 Orb of Destruction       Conj           0%         9d5       100%        7
 Spellforged Servitor     Conj/Summ      0%         N/A       100%        7


Dungeon Overview and Level Annotations

Branches:
Dungeon (2/15)

Altars:


Innate Abilities, Weirdness & Mutations

A meltable shield of frost defends you. (SH +4)


Message History

You kill the jackal!
The jackal bites you but does no damage.
The jackal bites you.
* * * LOW HITPOINT WARNING * * *
You closely miss the jackal. The jackal bites you.
* * * LOW HITPOINT WARNING * * *
The jackal bites you but does no damage. x2
The jackal completely misses you.
Blink to where?
Press: ? - help, Dir - move target
As you read the scroll of blinking, it crumbles to dust.
Throw: 5 boomerangs (disperse)
Press: ? - help, Q - select action, (/) - cycle Shift-Dir - straight line, f - jackal
Aim: a jackal (50% to hit)
You throw a boomerang of dispersal.
The boomerang of dispersal hits the jackal.
The jackal blinks!
Throw: 4 boomerangs (disperse)
Press: ? - help, Q - select action, (/) - cycle Shift-Dir - straight line, f/p - jackal
Aim: a jackal (50% to hit)
You throw a boomerang of dispersal.
The boomerang of dispersal barely misses the jackal.
Casting: Blink (safe; 14% risk of failure)
Confirm with . or Enter, or press ? or * to list all spells.
You blink.
The jackal barely misses you.
Casting: Blink (safe; 14% risk of failure)
Confirm with . or Enter, or press ? or * to list all spells.
You are still too unstable to blink.
The jackal barely misses you.
You feel stable enough to blink again. The jackal closely misses you.
The jackal bites you.
* * * LOW HITPOINT WARNING * * *
Casting: Blink (safe; 14% risk of failure)
Confirm with . or Enter, or press ? or * to list all spells.
You blink.
The jackal bites you but does no damage.
You feel stable enough to blink again. The jackal bites you.
You die...

.................#.#..##.######.#
###.#.##.##.##...#.#..##.######.#
.##.#.##.##.##...#..............#
###......##.##...#.#..########..#
#####.#####.##...#.#..# ######..#
..........#......#.#..# #.......#
#####.###........#.#..###.###...#
.## #.# #.#.#....#.#.............
P.###.# #.......@#h..............
P.....# ###.....h#.#..###.###.#.#
≈P###.# #.......h.>.# #.###.#.#
#####.#####.....##.#.## #.......#
............#...##.#.# #####.###
...............###.#.# #.#
#####.#####.#.## #.#.# #.# #.#
#.#.# #.#.# #.# #.# ###.# #.#.#
#.#


You could see a jackal.

Vanquished Creatures
  A dart slug (D:1)
  3 giant cockroaches (D:1)
  3 goblins
  3 hobgoblins (D:1)
  2 jackals
  A quokka (D:1)
  3 bats (D:1)
  2 frilled lizards (D:1)
  3 kobolds (D:1)
  A rat (D:1)
22 creatures vanquished.

Vanquished Creatures (others)
  2 plants (D:1)
2 creatures vanquished.

Grand Total: 24 creatures vanquished

Notes
Turn   | Place    | Note
-------+----------+-------------------------------------------
     0 | D:1      | Revguard the Demonspawn Warper began the quest for the Orb.
     0 | D:1      | Reached XP level 1. HP: 16/16 MP: 3/3
   116 | D:1      | Reached skill level 1 in Armour
   431 | D:1      | Gained mutation: A meltable shield of frost defends you.
                  | (SH +4) [demonic ancestry]
   431 | D:1      | Reached XP level 2. HP: 22/22 MP: 5/5
   591 | D:1      | Learned a level 2 spell: Blink
  1563 | D:1      | Slain by a jackal

Illustrated notes

Levels and vault maps discovered:
D:1:      mainiacjoe_arrival_reflecting_pool, layout_basic, serial_bayou,
          serial_bayou_pond_e, serial_bayou_ford_a, serial_bayou_pond_c,
          serial_bayou_pond_d
D:2:      layout_rooms, minmay_unequal, uniq_sigmund, uniq_jessica

Skill      XL: |  1  2 |
---------------+-------+-----
Armour         | 1 |  1.3
Dodging        | 2 |  2.0
Fighting       | |  2.1
Long Blades    | |  1.9
Throwing       | |  0.8
Stealth        | |  0.2
Spellcasting   | |  2.3
Translocations | |  2.8

Action                   || total
-------------------------++-------
Melee: Falchion          ||    75
       Punch             ||     1
Throw: Boomerang         ||     2
 Cast: Blink             ||     2
  Use: Scroll            ||     2
Armor: Leather armour    ||    45
Dodge: Dodged            ||    90
Block: Other             ||    18
